 Dungeon Crawl Stone Soup version 0.28-a0-479-g5baa6b73be (webtiles) character file.

Game seed: 12516322853826449340

58 Dabor the Slasher (level 4, -1/41 HPs)
             Began as a Gnoll Chaos Knight on Sept 18, 2021.
             Was a Plaything of Xom.
             Slain by a hornet zombie (2 damage)
             ... on level 3 of the Dungeon.
             The game lasted 00:01:58 (1971 turns).

Dabor the Slasher (Gnoll Chaos Knight)              Turns: 1971, Time: 00:01:58

Health: -1/41      AC:  5    Str:  9 (12) XL:     4   Next: 1%
Magic:  5/5        EV: 11    Int:  8 (11) God:    Xom [..*...]
Gold:   77         SH:  0    Dex:  9 (12) Spells: 5/5 levels left

rFire   . . .      SeeInvis .   a - +0 falchion (chaos)
rCold   . . .      Faith    .   (no shield)
rNeg    . . .      Spirit   .   b - +2 leather armour
rPois   .          Reflect  .   (no helmet)
rElec   .          Harm     .   (no cloak)
rCorr   .          Rampage  .   (no gloves)
Will    .....                   (no boots)
Stlth   +.........              (no amulet)
HPRegen 0.13/turn               (no ring)
MPRegen 0.09/turn               (no ring)

@: no status effects
A: fangs 1, strong nose, distributed training
a: Renounce Religion


You were on level 3 of the Dungeon.
You worshipped Xom.
You were a toy of Xom.
You visited 1 branch of the dungeon, and saw 3 of its levels.

You collected 77 gold pieces.

Inventory:

Hand Weapons
 a - a +0 falchion of chaos (weapon)
Armour
 b - a +2 leather armour (worn)
 g - a +0 ring mail
Jewellery
 s - a ring of ice
Scrolls
 d - a scroll of vulnerability {unknown}
 e - a scroll of enchant weapon {unknown}
 f - a scroll of fear {unknown}
 h - a scroll of blinking {unknown}
 i - a scroll of noise {unknown}
 k - a scroll of magic mapping {unknown}
 m - a scroll of amnesia {unknown}
 n - a scroll of teleportation {unknown}
 q - 2 scrolls of enchant armour {unknown}
Potions
 j - a potion of heal wounds {unknown}
 l - a potion of lignification {unknown}
 o - a potion of curing {unknown}
 p - a potion of mutation {unknown}
 r - a potion of brilliance {unknown}


   Skills:
 + Level 6.5 Fighting
 + Level 1.0 Short Blades
 + Level 6.5 Long Blades
 + Level 1.0 Axes
 + Level 1.0 Maces & Flails
 + Level 1.0 Polearms
 + Level 1.0 Staves
 + Level 1.0 Slings
 + Level 1.0 Bows
 + Level 1.0 Crossbows
 + Level 1.0 Throwing
 + Level 4.6 Armour
 + Level 2.7 Dodging
 + Level 1.0 Stealth
 + Level 1.0 Shields
 + Level 1.0 Unarmed Combat
 + Level 1.0 Spellcasting
 + Level 0.7 Conjurations
 + Level 0.7 Hexes
 + Level 0.7 Summonings
 + Level 0.7 Necromancy
 + Level 0.7 Translocations
 + Level 0.7 Transmutations
 + Level 0.7 Fire Magic
 + Level 0.7 Ice Magic
 + Level 0.7 Air Magic
 + Level 0.7 Earth Magic
 + Level 0.7 Poison Magic
 + Level 1.1 Invocations
 + Level 1.0 Evocations


You had 5 spell levels left.
You didn't know any spells.
Your spell library contained the following spells:

 Spells                   Type           Power      Damage    Failure   Level
 Corpse Rot               Necr/Air       N/A        N/A       50%         2
 Poisonous Vapours        Pois/Air       2%         N/A       50%         2


Dungeon Overview and Level Annotations

Branches:
Dungeon (3/15)

Altars:
Hepliaklqana

Portals:
Sewer: D:3


Innate Abilities, Weirdness & Mutations

You have very sharp teeth.
Your uncanny sense of smell can sniff out nearby items.
Your experience applies equally to all skills.


Message History

Your Shields skill increases to level 1!
Your Unarmed Combat skill increases to level 1!
Your Spellcasting skill increases to level 1!
Your Evocations skill increases to level 1!
You have reached level 4!
You feel agile.
You feel sick.
s - a ring of ice You feel sick.
Okay, then.
You feel sick.
A frilled lizard comes into view.
You feel sick.
The adder hisses angrily.
The frilled lizard hisses angrily.
Found a glowing drain.
You feel sick.
The adder hisses angrily.
You feel sick.
You are no longer poisoned.
The adder hisses angrily. x2
You hit the frilled lizard.
You kill the frilled lizard!
You see here a frilled lizard corpse.
You hear the slow rusting of a drain.
A hornet zombie comes into view.
You hit the hornet zombie.
The hornet zombie flickers and vanishes!
Deactivating autopickup; reactivate with Ctrl-A.
Xom is highly amused!
Your bite misses something. Something hits you. Something hits you!
* * * LOW HITPOINT WARNING * * *
You hit something. You burn something. Something hits you!
* * * LOW HITPOINT WARNING * * *
You hit something but do no damage. You bite something.
Something hits you but does no damage.
It was a potion of degeneration.
There was something very wrong with that liquid.
You feel weakened.
You feel dopey.
You feel clumsy.
Xom thinks this is hilarious!
Something hits you.
You die...

.#### ## .....
.# .. .##..###.#
#.# ......{..#
....
...##+##@.##.#..
#..#≈SS#......##
#..#≈≈S#........
#..#≈∩S#.......#
#..#≈≈≈#.......#
#..#≈≈≈#.......#
#..#####.......#
#..............#
#.....†.#......#


You could see 4 adders.

Vanquished Creatures
  2 adders
  A worm (D:2)
  2 dart slugs
  3 ball pythons
  3 bats
  An endoplasm (D:1)
  2 goblins
  3 hobgoblins
  6 jackals (D:1)
  A quokka (D:2)
  5 frilled lizards
  3 kobolds
32 creatures vanquished.

Vanquished Creatures (others)
  A plant (D:3)
1 creature vanquished.

Grand Total: 33 creatures vanquished

Notes
Turn   | Place    | Note
-------+----------+-------------------------------------------
     0 | D:1      | Dabor the Gnoll Chaos Knight began the quest for the Orb.
     0 | D:1      | Reached XP level 1. HP: 23/23 MP: 1/1
   155 | D:1      | XOM: silly message
   302 | D:1      | Found a faded altar of an unknown god.
   308 | D:1      | Reached XP level 2. HP: 25/29 MP: 2/2
   362 | D:1      | XOM: potion effect (brilliance)
   647 | D:1      | XOM: divination: detect items
   769 | D:1      | XOM: silly message
   967 | D:2      | Reached XP level 3. HP: 35/35 MP: 3/3
  1544 | D:2      | Reached skill level 1 in Invocations
  1578 | D:2      | XOM: divination: detect creatures
  1861 | D:3      | Found a hazy altar of Hepliaklqana.
  1950 | D:3      | Reached skill level 1 in Short Blades
  1950 | D:3      | Reached skill level 1 in Axes
  1950 | D:3      | Reached skill level 1 in Maces & Flails
  1950 | D:3      | Reached skill level 1 in Polearms
  1950 | D:3      | Reached skill level 1 in Staves
  1950 | D:3      | Reached skill level 1 in Slings
  1950 | D:3      | Reached skill level 1 in Bows
  1950 | D:3      | Reached skill level 1 in Crossbows
  1950 | D:3      | Reached skill level 1 in Throwing
  1950 | D:3      | Reached skill level 1 in Stealth
  1950 | D:3      | Reached skill level 1 in Shields
  1950 | D:3      | Reached skill level 1 in Unarmed Combat
  1950 | D:3      | Reached skill level 1 in Spellcasting
  1950 | D:3      | Reached skill level 1 in Evocations
  1950 | D:3      | Reached XP level 4. HP: 25/41 MP: 5/5
  1954 | D:3      | Found a glowing drain.
  1969 | D:3      | HP: 1/41 [something (7)]
  1971 | D:3      | Slain by a hornet zombie

Illustrated notes

Levels and vault maps discovered:
D:1:      heliophobic_arrival_ceremonial_halls, layout_basic,
          shapermc_ecumenical_altar_notcrosses
D:2:      layout_basic, amcnicky_mini_pool_small, kennysheep_generic_room_10
D:3:      layout_basic, nicolae_hepliaklqana_hazy_memory, gup_sewer_entry_glass,
          kennysheep_minor_cross, minmay_misc_feat_room, minmay_misc_feat_tiny,
          nrook_mini_vaults, chequers_serial_rivers_micro_c

Skill      XL: |  1  2  3 |
---------------+----------+-----
Invocations    | 1 |  1.1
Short Blades   | 1 |  1.0
Axes           | 1 |  1.0
Maces & Flails | 1 |  1.0
Polearms       | 1 |  1.0
Staves         | 1 |  1.0
Slings         | 1 |  1.0
Bows           | 1 |  1.0
Crossbows      | 1 |  1.0
Throwing       | 1 |  1.0
Stealth        | 1 |  1.0
Shields        | 1 |  1.0
Unarmed Combat | 1 |  1.0
Spellcasting   | 1 |  1.0
Evocations     | 1 |  1.0
Fighting       | |  6.5
Long Blades    | |  6.5
Armour         | |  4.6
Dodging        | |  2.7
Conjurations   | |  0.7
Hexes          | |  0.7
Summonings     | |  0.7
Necromancy     | |  0.7
Translocations | |  0.7
Transmutations | |  0.7
Fire Magic     | |  0.7
Ice Magic      | |  0.7
Air Magic      | |  0.7
Earth Magic    | |  0.7
Poison Magic   | |  0.7

Action                   |  1- 3 |  4- 6 || total
-------------------------+-------+-------++-------
Melee: Falchion          |    99 |     4 ||   103
       Bite              |     5 |     1 ||     6
  Use: Potion            |       |     1 ||     1
 Stab: Confused          |     1 |       ||     1
Armor: Leather armour    |    58 |     1 ||    59
Dodge: Dodged            |    63 |       ||    63

Table legend: (Time is in decaauts)
 A = Elapsed time spent in this place.
 B = Non-inter-level travel time spent in this place.
 C = Inter-level travel time spent in this place.
 D = Time resting spent in this place.
 E = Time spent auto-exploring this place.
 F = Levels seen in this place.
 G = Mean time per level.
                   A        B        C        D        E       F      G
               +--------+--------+--------+--------+--------+-----+--------+
         Total |   1968 |   1883 |     85 |      0 |   1554 |   3 |  656.0 |
       Dungeon |   1968 |   1883 |     85 |      0 |   1554 |   3 |  656.0 |
               +--------+--------+--------+--------+--------+-----+--------+

Top non-repeatable levels by time:
     D:1: 960 daAuts
     D:2: 846 daAuts
     D:3: 162 daAuts
